 Dungeon Crawl Stone Soup version 0.22-a0-240-g539252a (webtiles) character file.

2967 Amnesiac the Prestidigitator (level 9, -2/47 HPs)
             Began as a Spriggan Artificer on Feb 22, 2018.
             Slain by a killer bee (9 damage)
             ... on level 7 of the Dungeon.
             The game lasted 00:18:45 (7484 turns).

Amnesiac the Prestidigitator (Spriggan Artificer)   Turns: 7484, Time: 00:18:46

Health: -2/47      AC:  3    Str: 11    XL:     9   Next: 52%
Magic:  19/19      EV: 25    Int: 12    God:
Gold:   409        SH:  0    Dex: 17    Spells: 8/8 levels left

rFire    . . .     SeeInvis +   A - +4 quarterstaff (chaos)
rCold    . . .     Gourm    .   (shield currently unavailable)
rNeg     . . .     Faith    .   H - +0 robe {Archmagi}
rPois    .         Spirit   .   (helmet restricted)
rElec    .         Reflect  .   z - +0 cloak
rCorr    .         Harm     .   (gloves unavailable)
MR       +....                  (boots unavailable)
Stlth    ++........             (no amulet)
HPRegen  0.15/turn              (no ring)
MPRegen  0.16/turn              (no ring)

@: lethally poisoned (-2 -> -16), very quick
A: very small, unfitting armour, see invisible, herbivore, speed 3, slow
metabolism 2
a: no special abilities


You were on level 7 of the Dungeon.
You were not hungry.

You visited 2 branches of the dungeon, and saw 8 of its levels.
You also visited: Sewer.

You collected 409 gold pieces.

Inventory:

Hand Weapons
 a - a +1 short sword of holy wrath
 s - a +0 blowgun
 A - a +4 quarterstaff of chaos (weapon)
 L - a +4 short sword of speed
 M - a +1 dagger of draining
 N - a +1 dagger of draining
Missiles
 j - 50 sling bullets
 o - 238 stones (quivered)
 y - 79 poisoned needles
 D - 3 needles of sleeping
 K - 4 curare-tipped needles
Armour
 b - a cursed +0 cloak
 z - a +0 cloak (worn)
 H - a +0 robe of the Archmagi (worn)
Wands
 d - a wand of enslavement (22)
 p - a wand of polymorph (35)
 B - a wand of digging (9)
 G - a wand of disintegration (14)
 I - a wand of random effects (42)
Scrolls
 g - 5 scrolls of remove curse {!r, unknown}
 h - a scroll of amnesia {!r, unknown}
 m - 4 scrolls of identify {!r, unknown}
 n - a scroll of enchant armour {!r, unknown}
 r - a scroll of immolation {!r, unknown}
 w - 7 scrolls of teleportation {!r, unknown}
 x - a scroll of random uselessness {!r, unknown}
 J - 2 scrolls of noise {!r}
Potions
 c - a potion of degeneration {!q, unknown}
 e - a potion of cancellation {!q, unknown}
 i - 2 potions of brilliance {!q, unknown}
 k - 2 potions of magic {!q, unknown}
 l - 2 potions of flight {!q, unknown}
 q - a potion of ambrosia {!q, unknown}
 t - a potion of berserk rage {!q, unknown}
 u - a potion of haste {!q, unknown}
 v - 3 potions of mutation {!q, unknown}
 C - 2 potions of might {!q, unknown}
 E - 3 potions of curing {!q, unknown}
 F - a potion of lignification {!q, unknown}
Comestibles
 f - 11 rations


   Skills:
 + Level 5.4 Fighting
 - Level 2.3 Short Blades
 + Level 9.8 Dodging
 - Level 2.0 Stealth
 * Level 12.3 Evocations


You had 8 spell levels left.
You didn't know any spells.

Dungeon Overview and Level Annotations

Branches:
Dungeon (7/15)             Temple (1/1) D:6

Altars:
Ashenzari
Cheibriados
Dithmenos
Fedhas
Kikubaaqudgha
Makhleb
Nemelex Xobeh
Ru
Sif Muna
Trog
Vehumet
Wu Jian
Yredelemnul
Zin
The Shining One

Annotations:
D:4 exclusion: worker ant, Blork the orc


Innate Abilities, Weirdness & Mutations

You are very small and have problems with some larger weapons.
You are too small for most types of armour.
You have supernaturally acute eyesight. (SInv)
You are a herbivore.
You cover ground extremely quickly.
You need consume almost no food.


Message History

A jackal comes into view.
The jackal moves out of view.
The jackal barks!
The orc shouts! x2
Found 19 gold pieces.
The kobold shouts!
The kobold shouts!
The big kobold shouts!
The kobold shouts!
You hear an angry buzzing noise.
You hear an angry hiss.
You thump the kobold!
You kill the kobold!
The kobold closely misses you. The jackal completely misses you.
The killer bee buzzes angrily.
You hear a shout!
The kobold closely misses you.
Things that are here:
a blowgun; 4 poisoned needles; a kobold corpse
s - a blowgun;
y - 79 poisoned needles (gained 4)
The hippogriff screeches!
The leopard gecko hisses angrily.
The kobold closely misses you. The jackal misses you.
The killer bee stings you.
You closely miss the kobold.
The killer bee completely misses you. x2
The jackal closely misses you.
The orc priest miscasts a cantrip.
The kobold closely misses you. The killer bee completely misses you.
The killer bee barely misses you. The kobold closely misses you.
The jackal bites you.
You closely miss the kobold. The killer bee stings you!
The killer bee stings you.
You are poisoned.
The killer bee poisons you! The killer bee barely misses you.
The kobold hits you but does no damage. The jackal barely misses you.
The kobold closely misses you. The killer bee misses you.
The jackal misses you.
You sock the kobold!
You kill the kobold!
You feel sick. The killer bee stings you.
* * * LOW HITPOINT WARNING * * *
The killer bee closely misses you. The killer bee barely misses you.
The killer bee stings you.
* * * LOW HITPOINT WARNING * * *
You are more poisoned.
The killer bee poisons you! The jackal completely misses you.
The killer bee barely misses you.
You feel sick. The killer bee barely misses you.
The killer bee stings you but does no damage.
You see here a dagger of draining.
N - a dagger of draining The killer bee completely misses you.
The killer bee misses you. x3
The leopard gecko misses you.
You sock the leopard gecko!
You kill the leopard gecko!
You feel sick. The killer bee stings you.
* * * LOW HITPOINT WARNING * * *
You are lethally poisoned!
The killer bee poisons you! The killer bee stings you.
* * * LOW HITPOINT WARNING * * *
Okay, then.
Really read
J - 3 scrolls labeled NYGGOO UKOO {!r}?
As you read the scroll labeled NYGGOO UKOO {!r}, it crumbles to dust.
You hear a loud clanging noise!
It was a scroll of noise {!r}.
* * * LOW HITPOINT WARNING * * *
You feel sick. The killer bee misses you. The killer bee completely misses you.
The killer bee stings you but does no damage.
The killer bee stings you!
You die...

######...#...# .............###
#.#........... ##...........#
.?.....5.....# ##.
###.....(....# ### ..
#..(....(....# ..# .$
#.##Z.....##.# #.# . .##
#@#.......##.###.# ... .o.
####yyKZ....(H.o....# #
##.o##.##olhKHH......##.##..#
.###......#.oo#K##....####.##..#
#.##......o.o#........# #.##..#
#.h.h....###.##.##.#.#####.##..#
##.##.....#
#.###......#<##.##... ..###.....
#..##.....(.#...###H# .## ##..#
#o#.#......###......#


You could see 2 hippogriffs, a big kobold, 2 killer bees, 2 orcs, an adder
zombie, a jackal and 2 kobolds.

Vanquished Creatures
  Pikel (D:6)
  Eustachio (D:6)
  Menkaure (D:5)
  Edmund (D:4)
  Duvessa (D:4)
  Purgy (Sewer)
  3 slaves (D:6)
  A boggart (D:6)
  An ogre (D:4)
  4 centaurs
  3 bullfrogs
  Dowan (D:4)
  2 scorpions (D:4)
  3 killer bees
  2 howler monkeys (D:5)
  4 crimson imps
  A bullfrog zombie (D:7)
  2 hounds
  3 orc wizards
  Crazy Yiuf (D:4)
  A bullfrog skeleton (D:6)
  2 orc priests
  A jelly (D:5)
  Terence (D:2)
  An iguana (D:4)
  6 worker ants
  A killer bee zombie (D:7)
  A hound zombie (D:6)
  A howler monkey zombie (D:5)
  A worker ant zombie (D:5)
  A howler monkey skeleton (D:4)
  4 adders
  A shadow imp (D:5)
  2 worms
  2 leopard geckos
  11 orcs
  5 ball pythons
  2 giant cockroaches
  2 goblins (D:3)
  5 hobgoblins
  2 jackals (D:6)
  5 kobolds
  A quokka (D:4)
  7 bats
  3 frilled lizards
  A jackal zombie (D:5)
  A quokka zombie (D:5)
  6 rats
114 creatures vanquished.

Vanquished Creatures (collateral kills)
  2 killer bees (D:7)
  3 howler monkeys (D:7)
  A leopard gecko (D:5)
  3 orcs (D:7)
9 creatures vanquished.

Vanquished Creatures (others)
  A killer bee (D:7)
  A slave (D:6)
  A scorpion (D:5)
  An adder (D:5)
4 creatures vanquished.

Grand Total: 127 creatures vanquished

Notes
Turn   | Place    | Note
-------+----------+-------------------------------------------
     0 | D:1      | Amnesiac the Spriggan Artificer began the quest for the Orb.
     0 | D:1      | Reached XP level 1. HP: 9/9 MP: 4/4
   242 | D:1      | You fall through a shaft!
   295 | D:2      | Reached skill level 1 in Fighting
   313 | D:2      | Reached XP level 2. HP: 11/14 MP: 6/6
   441 | D:3      | Found a radiant altar of Vehumet.
   441 | D:3      | Found a shadowy altar of Dithmenos.
   446 | D:3      | Noticed a crimson imp
   573 | D:3      | Found a glowing drain.
   631 | Sewer    | Entered a sewer
   940 | Sewer    | Noticed Purgy
   944 | Sewer    | Killed Purgy
   944 | Sewer    | Reached skill level 5 in Evocations
   944 | Sewer    | Reached XP level 3. HP: 17/18 MP: 2/8
   944 | Sewer    | Reached XP level 4. HP: 22/23 MP: 3/9
  1009 | D:4      | Noticed Edmund
  1019 | D:4      | Killed Edmund
  1019 | D:4      | Reached skill level 6 in Evocations
  1019 | D:4      | Reached XP level 5. HP: 26/26 MP: 3/10
  1029 | D:4      | Noticed Blork the orc
  1097 | D:4      | Reached skill level 5 in Dodging
  1097 | D:4      | Reached XP level 6. HP: 30/30 MP: 3/11
  1156 | D:4      | Found a sacrificial altar of Ru.
  1407 | D:4      | Noticed Duvessa
  1437 | D:4      | Found a runed door.
  1796 | D:4      | Reached skill level 7 in Evocations
  2608 | D:4      | Noticed Crazy Yiuf
  2673 | D:4      | Killed Crazy Yiuf
  2673 | D:4      | Reached XP level 7. HP: 35/35 MP: 13/13
  2739 | D:5      | Entered Level 5 of the Dungeon
  2739 | D:5      | Noticed Ijyb
  2755 | D:4      | Noticed Ijyb
  2755 | D:4      | Ijyb changed into Ijyb the killer bee
  2756 | D:4      | Killed Ijyb the killer bee
  2790 | D:5      | Noticed Menkaure
  2910 | D:5      | Reached skill level 8 in Evocations
  3506 | D:5      | Found an ancient bone altar of Kikubaaqudgha.
  3740 | D:5      | Killed Menkaure
  3740 | D:5      | Reached skill level 9 in Evocations
  4060 | D:5      | Reached XP level 8. HP: 30/42 MP: 14/16
  4329 | D:6      | Noticed Eustachio
  4350 | D:6      | Killed Eustachio
  4445 | D:6      | Reached skill level 10 in Evocations
  5302 | D:6      | Noticed Pikel
  5313 | D:6      | Killed Pikel
  5313 | D:6      | Reached skill level 11 in Evocations
  5313 | D:6      | Reached XP level 9. HP: 31/46 MP: 16/18
  5332 | D:6      | Found a staircase to the Ecumenical Temple.
  5346 | Temple   | Entered the Ecumenical Temple
  5768 | D:3      | Reached skill level 5 in Fighting
  6101 | D:2      | Noticed Terence
  6117 | D:2      | Killed Terence
  6280 | D:2      | Found a glowing silver altar of Zin.
  6796 | D:4      | Noticed Dowan
  6804 | D:4      | Killed Duvessa
  6825 | D:4      | Killed Dowan
  6995 | D:7      | Reached skill level 12 in Evocations
  7484 | D:7      | Slain by a killer bee

Vault maps used:
D:1:      lordsloth_arrival_two_stooges
D:2:      zin_treasury, st_stairs_10, uniq_terence
D:3:      chequers_temple_overflow_statue_of_worship,
          cheibrodos_sewer_entry_drain
D:4:      old_standard_altar, minmay_misc_feat_five,
          hangedman_decor_peaks_small, uniq_blork_the_orc, uniq_edmund,
          uniq_duvessa, uniq_crazy_yiuf_cottage
D:5:      overflow_temple_1_default, first_ration, uniq_menkaure, uniq_ijyb
D:6:      minmay_temple_entry_fiery, feat_on_display, uniq_eustachio, uniq_pikel
Temple:   cyrus_temple_forest
Sewer:    sewer_big_baddie

Skill      XL: |  1  2  3  4  5  6  7  8  9 |
---------------+----------------------------+-----
Fighting       | 1 2 3 4 5 |  5.4
Stealth        | 2 |  2.0
Short Blades   | 2 |  2.3
Dodging        | 4 5 7 8 9 |  9.8
Evocations     | 5 6 7 9 11 12 | 12.3

Action                   |  1- 3 |  4- 6 |  7- 9 || total
-------------------------+-------+-------+-------++-------
Melee: Short sword       |    22 |    14 |    69 ||   105
       Dagger            |    57 |    45 |     3 ||   105
       Quarterstaff      |       |       |   251 ||   251
Throw: Stone             |       |     8 |       ||     8
Evoke: Wand              |     3 |    25 |    21 ||    49
  Use: Potion            |       |       |     2 ||     2
       Scroll            |       |       |     1 ||     1
 Stab: Sleeping          |     3 |     4 |     4 ||    11
       Confused          |       |     2 |       ||     2
       Paralysed         |       |       |     3 ||     3
       Distracted        |       |       |     1 ||     1
  Eat: Ration            |       |       |     4 ||     4
Armor: Robe              |    20 |     3 |    38 ||    61
Dodge: Dodged            |    90 |    25 |   475 ||   590

Table legend:
 A = Spawn XP
 B = Non-spawn XP
 C = Spawn XP percentage of total XP
 D = Spawn monster count
 E = Non-spawn monster count
 F = Spawn count percentage of total count
 G = Total turns spent on level
                    A         B        C        D         E        F      G
               +---------+---------+-------+---------+---------+-------+---------
         Total |       0 |    4239 |   0.0 |       0 |     120 |   0.0 |  7484
               +---------+---------+-------+---------+---------+-------+---------
           D:1 |       0 |       6 |   0.0 |       0 |       3 |   0.0 |   244
           D:2 |       0 |      73 |   0.0 |       0 |      15 |   0.0 |   846
           D:3 |       0 |     113 |   0.0 |       0 |      15 |   0.0 |   604
           D:4 |       0 |     859 |   0.0 |       0 |      18 |   0.0 |  1905
           D:5 |       0 |     883 |   0.0 |       0 |      21 |   0.0 |  1615
           D:6 |       0 |    1494 |   0.0 |       0 |      23 |   0.0 |  1318
           D:7 |       0 |     672 |   0.0 |       0 |      19 |   0.0 |   505
         Sewer |       0 |     139 |   0.0 |       0 |       6 |   0.0 |   362
               +---------+---------+-------+---------+---------+-------+---------
